 Dungeon Crawl Stone Soup version 0.29.1-12-g30fa7ad0bf (webtiles) character file.

Game seed: 13349226078965036919

32951 cheesebisquit the Grappler (level 13, -1/137 HPs)
             Began as a Troll Monk on Jan 14, 2023.
             Was a High Priest of Okawaru.
             Shot with an arrow by a satyr (26 damage)
             ... on level 5 of the Abyss on Jan 15, 2023.
             The game lasted 01:21:00 (14738 turns).

cheesebisquit the Grappler (Troll Monk)            Turns: 14738, Time: 01:21:00

Health: -1/137     AC: 13    Str: 32    XL:     13   Next: 34%
Magic:  12/12      EV:  8    Int:  6    God:    Okawaru [*****.]
Gold:   1008       SH:  0    Dex: 12    Spells: 12/12 levels left

rFire   . . .      SeeInvis .     - Unarmed
rCold   . . .      Faith    .   d - +0 kite shield
rNeg    . . .      Spirit   .   z - +0 acid dragon scales
rPois   +          Reflect  +   H - +1 hat
rElec   .          Harm     .   h - +1 cloak {rPois}
rCorr   +          Rampage  .   (gloves unavailable)
Will    .....                   (boots unavailable)
Stlth   +.........              b - amulet of reflection
HPRegen 0.00/turn               o - ring of flight
MPRegen 0.13/turn               I - +6 ring of strength

@: confused, mighty, sick, flying, invisible
A: large, unfitting armour, claws 3, regeneration 1, shaggy fur 1, tough skin 1
a: Renounce Religion, Heroism, Finesse, Duel


You were on level 5 of the Abyss.
You worshipped Okawaru.
Okawaru was extremely pleased with you.
You visited 3 branches of the dungeon, and saw 16 of its levels.
You visited the Abyss 1 time.
You also visited: Volcano.

You collected 1008 gold pieces.

Inventory:

Hand Weapons
 C - a +0 vampiric giant club
 J - the +12 pair of quick blades "Gyre" and "Gimble" {protect}
   (Okawaru gifted it to you on level 11 of the Dungeon)

   It grants its wielder temporary protection when it strikes (+7 to AC).
Missiles
 l - 19 poisoned darts
 v - 164 stones
 D - 12 curare-tipped darts
 K - 4 atropa-tipped darts
 O - 7 large rocks (quivered)
Armour
 d - a +0 kite shield (worn)
 h - a +1 cloak of poison resistance (worn)
 z - +0 acid dragon scales (worn)
 H - a +1 hat (worn)
Jewellery
 b - an amulet of reflection (around neck)
 o - a ring of flight (left claw)
 r - the amulet "Pedacef" {Spirit rPois}
   (You took it off a wight on level 6 of the Dungeon)

   [amulet of guardian spirit]

   It causes incoming damage to be divided between your reserves of health and
   magic.
   rPois:     It protects you from poison.
 u - a ring of protection from cold
 E - a ring of fire
 I - a +6 ring of strength (right claw)
Wands
 x - a wand of polymorph (14)
 A - a wand of iceblast (10)
 F - a wand of flame (7)
 P - a wand of mindburst (6)
Scrolls
 f - 2 scrolls of acquirement {unknown}
 g - 6 scrolls of teleportation
 j - 3 scrolls of blinking
 m - 3 scrolls of fog
 n - a scroll of amnesia
 p - 2 scrolls of fear
 q - a scroll of poison
 s - a scroll of enchant weapon {unknown}
 w - 2 scrolls of brand weapon
 y - a scroll of enchant armour {unknown}
 B - a scroll of immolation {unknown}
 Q - a scroll of silence
Potions
 a - a potion of magic
 c - 7 potions of attraction
 e - 5 potions of curing
 i - a potion of berserk rage
 k - 2 potions of brilliance
 t - a potion of mutation {unknown}
 M - a potion of flight
 N - a potion of cancellation


   Skills:
 + Level 11.4 Fighting
 * Level 6.0 Throwing
 + Level 7.7 Armour
 - Level 2.4 Dodging
 - Level 1.0 Stealth
 + Level 6.1 Shields
 + Level 14.0 Unarmed Combat


You had 12 spell levels left.
You didn't know any spells.
Your spell library contained the following spells:

 Spells                   Type           Power      Damage    Failure   Level
 Foxfire                  Conj/Fire      0%         2x1d4     77%         1
 Blink                    Tloc           0%         N/A       88%         2
 Conjure Flame            Conj/Fire      0%         6-21      98%         3
 Frozen Ramparts          Ice            0%         1d1       98%         3
 Inner Flame              Hex/Fire       0%         N/A       98%         3
 Flame Wave               Conj/Fire      0%         2d4       100%        4
 Fulminant Prism          Conj/Hex       0%         3d6       100%        4
 Ice Form                 Ice/Tmut       0%         N/A       100%        4
 Iskenderun's Mystic Bla  Conj/Tloc      0%         2d3       100%        4
 Passage of Golubria      Tloc           0%         N/A       100%        4
 Petrify                  Tmut/Erth      0%         N/A       100%        4
 Blade Hands              Tmut           0%         N/A       100%        5
 Fireball                 Conj/Fire      0%         3d3       100%        5
 Irradiate                Conj/Tmut      0%         3d11      100%        5
 Iskenderun's Battlesphe  Conj           0%         2d6       100%        5
 Lee's Rapid Deconstruct  Erth           0%         3d5*      100%        5
 Manifold Assault         Tloc           0%         N/A       100%        5
 Metabolic Englaciation   Hex/Ice        0%         N/A       100%        5
 Yara's Violent Unravell  Hex/Tmut       0%         3d3       100%        5
 Conjure Ball Lightning   Conj/Air       0%         3x3d6     100%        6
 Statue Form              Tmut/Erth      0%         N/A       100%        6
 Dragon Form              Tmut           0%         N/A       100%        7
 Enfeeble                 Hex            0%         N/A       100%        7
 Orb of Destruction       Conj           0%         9d5       100%        7
 Storm Form               Tmut/Air       0%         N/A       100%        7
 Borgnjor's Revivificati  Necr           0%         N/A       100%        8
 Necromutation            Tmut/Necr      0%         N/A       100%        8
 Death's Door             Necr           0%         N/A       100%        9
 Summon Small Mammal      Summ           Unusable   N/A       N/A         1
 Call Canine Familiar     Summ           Unusable   N/A       N/A         3
 Summon Guardian Golem    Hex/Summ       Unusable   N/A       N/A         3
 Tukima's Dance           Hex            Unusable   N/A       N/A         3
 Animate Armour           Summ/Erth      Unusable   N/A       N/A         4
 Summon Ice Beast         Ice/Summ       Unusable   N/A       N/A         4
 Summon Mana Viper        Hex/Summ       Unusable   N/A       N/A         5

Dungeon Overview and Level Annotations

Branches:
Dungeon (12/15)            Temple (1/1) D:7            Lair (3/5) D:11
  Swamp (0/4) Lair:3        Snake (0/4) Lair:3          Orc (0/2) D:11
Volcano (visited)

Altars:
Ashenzari
Cheibriados
Dithmenos
Elyvilon
Fedhas
Gozag
Hepliaklqana
Kikubaaqudgha
Makhleb
Nemelex Xobeh
Okawaru
Qazlal
Ru
Sif Muna
Trog
Uskayaw
Vehumet
Wu Jian
Xom
Yredelemnul
Zin
The Shining One

Shops:
D:8 (


Innate Abilities, Weirdness & Mutations

You are too large for most types of armour.
You have claws for hands.
Your natural rate of healing is unusually fast.
You are covered in fur. (AC +1)
You have tough skin. (AC +1)


Message History

The golden eye blinks!
You fade into invisibility!
The golden eye turns its gaze towards you.
The golden eye blinks at you.
You are confused.
You bump into the stone wall.
The golden eye blinks!
You bump into the stone wall.
You bump into the stone wall.
You bump into the stone wall.
The golden eye blinks at you.
You are more confused.
The golden eye blinks at you.
You are more confused.
You bump into the stone wall.
The golden eye blinks!
You bump into the stone wall.
The merfolk javelineer shouts!
The golden eye blinks at you.
The golden eye pulsates ominously.
The golden eye blinks at you.
You are more confused.
A satyr comes into view. It is wielding a +0 quarterstaff.
The satyr shouts!
The golden eye blinks at you.
The satyr unwields a +0 quarterstaff.
The satyr wields a +0 longbow.
The satyr shoots an arrow.
The arrow hits you!!
* * * LOW HITPOINT WARNING * * *
A starcursed mass comes into view.
The golden eye turns its gaze towards you.
The golden eye blinks at you.
You are more confused.
The golden eye blinks at you.
A starcursed mass splits.
The golden eye turns its gaze towards you.
The satyr shoots an arrow.
The arrow closely misses you.
You hear a shout!
There is a runelight here.
You can't go up here!
You can't go down here!
You bump into the stone wall.
The satyr shoots an arrow.
The arrow hits you!!
You die...

##########
..........
....... .
......#.# #
...#...#
#........#
##c......#
##....... .
#@G.'##....
φ##....#
... ##...#
. xm#...#
#..#...#
...#...#
...##X###
##.## ..


You could see a satyr (unable to see you) and a golden eye.

Vanquished Creatures
  A tentacled starspawn (Abyss:2)
  A very ugly thing (Abyss:4)
  2 boulder beetles
  2 hydras
  An ogre mage (D:11)
  A dancing weapon (Volcano)
  3 two-headed ogres
  A thrashing horror (Abyss:3)
  An orc knight (D:11)
  3 wizards (Volcano)
  Pikel (D:4)
  A deep elf pyromancer (D:12)
  2 cyclopes
  A manticore (D:11)
  An oklob plant (Lair:2)
  Maurice (D:8)
  4 toenail golems (Volcano)
  An apocalypse crab (Abyss:3)
  A smoke demon (Abyss:2)
  2 gargoyles
  5 cane toads
  Maggie (D:6)
  A kobold demonologist (D:12)
  An unseen horror (D:11)
  A rime drake (Lair:2)
  A freezing wraith (Abyss:3)
  5 komodo dragons
  A tengu conjurer (D:11)
  9 trolls
  3 hornets
  5 blink frogs (Lair:1)
  2 tyrant leeches
  A shadow (Abyss:3)
  A flying skull (Abyss:3)
  A vampire (D:10)
  18 yaks
  2 wyverns
  Eustachio (D:4)
  A water elemental (D:11)
  A steam dragon (D:8)
  2 basilisks
  A vampire mosquito (D:11)
  An acid dragon (D:11)
  A water moccasin (D:6)
  5 orc warriors
  3 sky beasts
  A hornet zombie (D:6)
  4 ice beasts
  An ogre (D:5)
  3 wolves (D:11)
  7 centaurs
  A lemure (D:4)
  A phantom (D:5)
  4 kobold brigands
  9 bullfrogs
  3 gnoll sergeants
  2 scorpions
  3 necrophages
  A water moccasin zombie (D:6)
  A small abomination (Abyss:4)
  2 wights (D:6)
  16 killer bees
  6 howler monkeys
  3 electric eels
  A centaur zombie (D:6)
  2 bullfrog zombies (D:6)
  A human zombie (D:6)
  4 hounds
  3 jellies
  2 gnoll boudas
  2 orc priests
  Terence (D:3)
  8 orc wizards
  Ijyb (D:5)
  5 hell rats (Lair:1)
  2 killer bee zombies (D:6)
  Robin (D:3)
  24 gnolls
  8 adders
  A shadow imp (D:7)
  2 white imps (D:5)
  An ufetubus (D:6)
  2 worms
  22 orcs
  9 endoplasms
  3 giant cockroaches
  14 goblins
  8 hobgoblins
  4 quokkas
  9 ball pythons
  6 bats
  5 frilled lizards
  17 kobolds
  7 rats
  3 bushes (Lair:2)
351 creatures vanquished.

Vanquished Creatures (others)
  A goblin (D:3)
  8 fungi
  20 plants
  4 starspawn tentacles (Abyss:2)
33 creatures vanquished.

Grand Total: 384 creatures vanquished

Notes
Turn   | Place    | Note
-------+----------+-------------------------------------------
     0 | D:1      | cheesebisquit the Troll Monk began the quest for the Orb.
     0 | D:1      | Reached XP level 1. HP: 22/22 MP: 0/0
   275 | D:1      | Reached XP level 2. HP: 27/29 MP: 1/1
   341 | D:1      | Found a faded altar of an unknown god.
   389 | D:1      | Reached skill level 4 in Unarmed Combat
   691 | D:1      | Reached XP level 3. HP: 36/36 MP: 2/2
   939 | D:2      | Reached skill level 5 in Unarmed Combat
   939 | D:2      | Reached XP level 4. HP: 24/44 MP: 3/3
   977 | D:2      | Got the Catalogue of Metallic Malediction
  1181 | D:3      | Noticed Robin
  1245 | D:3      | Noticed Terence
  1252 | D:3      | Killed Terence
  1431 | D:3      | Found a shadowy altar of Dithmenos.
  1477 | D:3      | Killed Robin
  1478 | D:3      | Reached XP level 5. HP: 44/50 MP: 4/4
  1575 | D:3      | Reached skill level 6 in Unarmed Combat
  1607 | D:3      | Found an ancient bone altar of Kikubaaqudgha.
  2187 | D:4      | Noticed Eustachio
  2211 | D:4      | Killed Eustachio
  2212 | D:4      | Reached skill level 7 in Unarmed Combat
  2212 | D:4      | Reached XP level 6. HP: 50/59 MP: 5/5
  2285 | D:4      | Noticed Pikel
  2308 | D:4      | Killed Pikel
  2309 | D:4      | Reached skill level 9 in Unarmed Combat
  2309 | D:4      | Reached XP level 7. HP: 30/66 MP: 6/6
  2822 | D:5      | Entered Level 5 of the Dungeon
  2822 | D:5      | Noticed Ijyb
  2826 | D:5      | Killed Ijyb
  3001 | D:5      | Reached XP level 8. HP: 67/74 MP: 7/7
  3056 | D:5      | Reached skill level 10 in Unarmed Combat
  3686 | D:6      | Noticed Maggie
  3703 | D:6      | Killed Maggie
  3927 | D:6      | Reached skill level 5 in Fighting
  3927 | D:6      | Reached XP level 9. HP: 88/88 MP: 8/8
  3948 | D:6      | Identified the amulet "Pedacef" {Spirit rPois}
  3962 | D:6      | Reached skill level 1 in Armour
  3962 | D:6      | Reached skill level 11 in Unarmed Combat
  3978 | D:6      | Found a basalt altar of Yredelemnul.
  4624 | D:7      | Found a staircase to the Ecumenical Temple.
  4767 | Temple   | Entered the Ecumenical Temple
  4811 | Temple   | Became a worshipper of Warmaster Okawaru
  4811 | Temple   | Reached * piety under Okawaru
  4811 | Temple   | Reached ** piety under Okawaru
  5477 | D:8      | Found Cumo's Weapon Shop.
  5673 | D:8      | Reached XP level 10. HP: 97/102 MP: 7/9
  5787 | D:8      | Reached *** piety under Okawaru
  5977 | D:8      | Noticed Maurice
  6004 | D:8      | Killed Maurice
  6453 | D:8      | Reached skill level 12 in Unarmed Combat
  6538 | D:9      | Noticed an eight-headed hydra
  6559 | D:8      | Paralysed by a hornet for 1 turns
  6605 | D:9      | Noticed a two-headed ogre
  6613 | D:8      | HP: 7/156 [eight-headed hydra (8)]
  6615 | D:8      | HP: 3/156 [eight-headed hydra (6)]
  6617 | D:8      | Killed an eight-headed hydra
  6617 | D:8      | Reached **** piety under Okawaru
  6731 | D:8      | Killed a two-headed ogre
  6859 | D:9      | Reached ***** piety under Okawaru
  7056 | D:9      | Reached skill level 5 in Armour
  7615 | D:9      | Reached XP level 11. HP: 112/114 MP: 10/10
  7700 | D:9      | Reached skill level 1 in Shields
  7737 | D:9      | Received a gift from Okawaru
  8014 | D:10     | Entered Level 10 of the Dungeon
  8146 | D:10     | Noticed a two-headed ogre
  8199 | D:10     | Killed a two-headed ogre
  8700 | D:10     | Paralysed by a hornet for 3 turns
  9684 | D:11     | Found a staircase to the Lair.
  9864 | D:11     | Found a staircase to the Orcish Mines.
  9931 | D:11     | Noticed a boulder beetle
 10045 | D:11     | Killed a boulder beetle
 10098 | D:11     | Noticed an ogre mage
 10102 | D:11     | Reached skill level 10 in Fighting
 10102 | D:11     | Noticed an orc knight
 10107 | D:11     | Killed an orc knight
 10108 | D:11     | Reached skill level 13 in Unarmed Combat
 10109 | D:11     | Killed an ogre mage
 10115 | D:11     | Noticed a two-headed ogre
 10118 | D:11     | Killed a two-headed ogre
 10313 | D:11     | Received a gift from Okawaru
 10313 | D:11     | Found the +12 pair of quick blades "Gyre" and "Gimble"
                  | {protect}
 10314 | D:11     | Reached XP level 12. HP: 53/127 MP: 11/11
 10930 | Arena    | Entered the Arena
 11288 | D:12     | Reached skill level 1 in Throwing
 11587 | Lair:1   | Entered Level 1 of the Lair of Beasts
 12131 | Lair:1   | Reached skill level 5 in Shields
 12795 | Lair:2   | Noticed a six-headed hydra
 13043 | Lair:2   | Found a blossoming altar of Fedhas.
 13427 | Lair:2   | Killed a six-headed hydra
 13958 | Lair:3   | Found a dark tunnel.
 13966 | Volcano  | Entered a volcano
 13983 | Volcano  | Received a gift from Okawaru
 14009 | Volcano  | Reached XP level 13. HP: 137/137 MP: 12/12
 14021 | Volcano  | Reached skill level 5 in Throwing
 14180 | Abyss:2  | Cast into level 2 of the Abyss (a wizard)
 14253 | Abyss:2  | Noticed a tentacled starspawn
 14266 | Abyss:2  | Killed a tentacled starspawn
 14278 | Abyss:2  | Noticed a tentacled starspawn
 14380 | Abyss:3  | Reached skill level 14 in Unarmed Combat
 14506 | Abyss:3  | Noticed a white draconian
 14507 | Abyss:3  | Noticed a lich
 14530 | Abyss:4  | Noticed a brown very ugly thing
 14542 | Abyss:4  | Noticed a white very ugly thing
 14554 | Abyss:4  | Killed a brown very ugly thing
 14659 | Abyss:4  | Noticed a starcursed mass
 14732 | Abyss:5  | Noticed a merfolk javelineer
 14734 | Abyss:5  | Noticed a starcursed mass
 14735 | Abyss:5  | Noticed a starcursed mass
 14738 | Abyss:5  | Shot with an arrow by a satyr

Illustrated notes

Levels and vault maps discovered:
D:1:      minmay_arrival_plants_in_alcoves, layout_loops_ring,
          ebering_ecumenical_altar_ruins, minmay_3d_cube
D:2:      layout_basic
D:3:      layout_rooms, mainiacjoe_overflow_brackets,
          mainiacjoe_overflow_surrounded_room, dk_noncrumbling_4,
          minmay_ruptured, uniq_terence, uniq_robin
D:4:      layout_gridville, amethyst_killhole, uniq_eustachio, uniq_pikel
D:5:      layout_rooms, dreamdust_princess_bridge, uniq_ijyb
D:6:      layout_rooms, lemuel_mausoleum_altar_yredelemnul, minmay_statues_item,
          uniq_maggie
D:7:      layout_loops_ring, minmay_temple_entry_stoned_glass
D:8:      layout_layer_cave, serial_shops, nicolae_square_shop,
          minmay_fractal_squares_5, uniq_maurice
D:9:      layout_layer_cave, onia_ninara_cookie
D:10:     layout_stronghold
D:11:     minmay_distorted_concentric_squares, layout_basic, erik_lair_island,
          orc_0_dummy, nicolae_benzene_ring
D:12:     layout_irregular_city
Temple:   hellmonk_temple_of_storms
Lair:1:   layout_chaotic_city, lemuel_old_faithful
Lair:2:   layout_long_grid, tgw_fedhas, lemuel_fruit_fields,
          infiniplex_staircase_pool, lemuel_fruit_tree, serial_bayou_shore_a
Lair:3:   layout_cave_pods, skrybe_swamp_entry_bodies,
          guppyfry_snake_entry_garden, nicolae_volcano_entry_hallway,
          grunt_megastairs_4
Abyss:5:  base: D:10, minivault_26, dshaligram_kb_abyss_rune_zappy_water_cross,
          evilmike_abyss_exit_12, nicolae_abyss_rune_left_handed
Volcano:  volcano_bunker

Skill      XL: |  1  2  3  4  5  6  7  8  9 10 11 12 13 |
---------------+----------------------------------------+-----
Unarmed Combat | 4 5 7 9 10 11 12 13 14 | 14.0
Fighting       | 5 7 9 10 11 | 11.4
Armour         | 3 5 6 7 |  7.7
Shields        | 3 5 6 |  6.1
Throwing       | 4 6 |  6.0
Dodging        | |  2.4
Stealth        | |  1.0

Action                   |  1- 3 |  4- 6 |  7- 9 | 10-12 | 13-15 || total
-------------------------+-------+-------+-------+-------+-------++-------
Melee: Unarmed           |    92 |   132 |   261 |   598 |    87 ||  1170
       Punch             |     1 |     2 |    14 |     9 |       ||    26
       Giant club        |       |       |       |     5 |       ||     5
Throw: Dart              |    13 |    43 |    24 |   107 |       ||   187
       Stone             |       |     4 |       |     7 |       ||    11
       Large rock        |       |       |       |     4 |       ||     4
Invok: Heroism           |       |       |     2 |    18 |     3 ||    23
       Finesse           |       |       |       |     4 |       ||     4
       Duel              |       |       |       |     1 |       ||     1
  Use: Scroll            |       |     3 |     8 |    15 |     1 ||    27
       Potion            |       |     1 |     5 |     6 |     3 ||    15
 Stab: Sleeping          |       |       |     2 |       |       ||     2
Armor: Robe              |    40 |    18 |       |       |       ||    58
       Animal skin       |       |    17 |    16 |       |       ||    33
       Acid dragon scale |       |       |    83 |   184 |    26 ||   293
       Skin              |       |       |       |    37 |       ||    37
Dodge: Dodged            |    55 |    49 |   153 |   187 |    25 ||   469
Block: Kite shield       |       |       |       |   228 |    59 ||   287
       Reflection        |       |       |       |     8 |     1 ||     9
       Other             |       |       |       |     7 |       ||     7
